 Dungeon Crawl Stone Soup version 0.17-a0-81-g781747f (webtiles) character file.

169 Ngotmuk the Skirmisher (level 5, -3/42 HPs)
             Began as a Human Fighter on Mar 15, 2015.
             Was an Initiate of Okawaru.
             Slain by an ogre
             ... wielding a +0 giant spiked club
              (22 damage)
             ... on level 4 of the Dungeon.
             The game lasted 00:08:36 (1802 turns).

Ngotmuk the Skirmisher (Human Fighter)              Turns: 1802, Time: 00:08:36

Health: -3/42      AC:  8    Str: 17    XL:     5   Next: 79%
Magic:  5/5        EV:  8    Int:  9    God:    Okawaru [......]
Gold:   97         SH:  9    Dex: 12    Spells: 0 memorised, 4 levels left

rFire  . . .     SeeInvis .     a - +0 flail
rCold  . . .     Clarity  .     b - +0 scale mail
rNeg   . . .     SustAb   .     c - +0 shield
rPois  .         Gourm    .     (no helmet)
rElec  .         Spirit   .     (no cloak)
rCorr  .         Warding  .     (no gloves)
rMut   .         Stasis   .     g - +0 pair of boots
MR     .....                    (no amulet)
Stlth  ..........               (no ring)
                                (no ring)

@: not resistant to hostile enchantments, extremely unstealthy
A: no striking features
a: Renounce Religion


You were on level 4 of the Dungeon.
You worshipped Okawaru.
Okawaru was noncommittal.
You were not hungry.

You visited 1 branch of the dungeon, and saw 4 of its levels.

You collected 97 gold pieces.

Inventory:

Hand weapons
 a - a +0 flail (weapon)
Armour
 b - a +0 scale mail (worn)
 c - a +0 shield (worn)
 g - a +0 pair of boots (worn)
Jewellery
 n - an uncursed ring of positive energy {unknown}
 s - an uncursed ring of flight {unknown}
Scrolls
 i - 4 scrolls of enchant weapon {unknown}
 k - a scroll of noise {unknown}
 l - 2 scrolls of identify {unknown}
 m - 2 scrolls of random uselessness {unknown}
 q - a scroll of remove curse {unknown}
Potions
 e - 2 potions of might
 f - a potion of mutation {unknown}
 h - 2 potions of curing {unknown}
 j - a potion of cure mutation {unknown}
 o - 2 potions of heal wounds {unknown}
 p - 2 potions of magic {unknown}
 r - 2 potions of degeneration {unknown}
Comestibles
 d - 4 bread rations


   Skills:
 + Level 3.9 Fighting
 + Level 2.8 Maces & Flails
 + Level 3.8 Armour
 + Level 2.0 Dodging
 + Level 0.7 Stealth
 + Level 3.5 Shields


You had 4 spell levels left.
You didn't know any spells.

Dungeon Overview and Level Annotations

Branches:
Dungeon (4/15)
 Temple: D:4-7

Altars:
Ashenzari
Makhleb
Nemelex Xobeh
Okawaru
Yredelemnul
Zin
The Shining One


Message History

There is an open door here.
You sock the gnoll!!
You kill the gnoll!
Okawaru accepts your kill.
Your Dodging skill increases to level 2!
There is a stone staircase leading down, spattered with blood here.
You block the gnoll's attack.
You climb downwards.
A giant cockroach and an ogre come into view.
The ogre shouts!
There is a stone staircase leading up here.
You hit the giant cockroach.
The giant cockroach is moderately wounded.
The giant cockroach bites you but does no damage.
You hit the ogre.
The ogre is moderately wounded.
You block the giant cockroach's attack.
The ogre hits you with a giant spiked club!!
Ouch! That really hurt!
You die...

## ..#
##########...#
.......s@O...#
##########...#
..# ##


You could see an ogre and a giant cockroach.

Vanquished Creatures
  The ghost of Emanloe the Chopper, an average DDBe of Trog (D:3)
  2 gnolls (D:3)
  2 adders
  A worm (D:2)
  2 giant geckos (D:1)
  An ooze (D:1)
  6 bats
  2 giant cockroaches
  8 goblins
  3 hobgoblins
  A quokka (D:2)
  3 giant newts
  A kobold (D:1)
  4 rats
37 creatures vanquished.

Notes
Turn   | Place    | Note
--------------------------------------------------------------
     0 | D:1      | Ngotmuk, the Human Fighter, began the quest for the Orb.
     0 | D:1      | Reached XP level 1. HP: 18/18 MP: 1/1
   100 | D:1      | Reached XP level 2. HP: 21/24 MP: 2/2
   469 | D:1      | Reached XP level 3. HP: 29/29 MP: 3/3
   698 | D:2      | Found a glowing silver altar of Zin.
   700 | D:2      | Found a glowing golden altar of the Shining One.
   702 | D:2      | Found a sparkling altar of Nemelex Xobeh.
   702 | D:2      | Found an iron altar of Okawaru.
   702 | D:2      | Found a basalt altar of Yredelemnul.
   703 | D:2      | Found a burning altar of Makhleb.
   703 | D:2      | Found a shattered altar of Ashenzari.
   714 | D:2      | Became a worshipper of Warmaster Okawaru
  1368 | D:3      | Reached XP level 4. HP: 31/36 MP: 4/4
  1420 | D:3      | Noticed Emanloe's ghost (average DDBe)
  1440 | D:3      | Killed Emanloe's ghost
  1440 | D:3      | Reached skill level 1 in Dodging
  1440 | D:3      | Reached XP level 5. HP: 12/42 MP: 5/5
  1800 | D:4      | Noticed an ogre
  1802 | D:4      | Slain by an ogre

Action                   |  1- 3 |  4- 6 || total
-------------------------+-------+-------++-------
Melee: Flail             |    86 |    43 ||   129
  Eat: Meat ration       |     1 |       ||     1
